 Dungeon Crawl Stone Soup version 0.31-a0-819-gf6de2f5ab6 (webtiles) character file.

Game seed: 3569352399353259433

263 qw the Shooter (level 6, -2/38 HPs)
             Began as a Gargoyle Hunter on Sept 23, 2023.
             Slain by Duvessa
             ... wielding a +0 rapier
              (8 damage)
             ... on level 4 of the Dungeon.
             The game lasted 00:00:58 (2953 turns).

qw the Shooter (Gargoyle Hunter)                    Turns: 2953, Time: 00:00:59

Health: -2/38      AC: 10    Str: 14    XL:     6   Next: 19%
Magic:  6/6        EV: 11    Int: 14    God:
Gold:   217        SH:  0    Dex: 21    Spells: 5/5 levels left

rFire   . . .        Y - +2 shortbow
rCold   . . .        (shield currently unavailable)
rNeg    + . .        e - +0 ring mail
rPois   inf          (no helmet)
rElec   +            (no cloak)
rCorr   .            (no gloves)
SInv    +            b - +0 pair of boots "Cyurghyu" {Int+4 Stlth+}
Will    .....        (no amulet)
Stlth   ++           a - ring of see invisible
HPRegen 0.26/turn    d - +6 ring of dexterity
MPRegen 0.10/turn

%: no passive effects
@: no status effects
A: sickness immunity, AC +4, negative energy resistance 1, electricity
resistance, torment resistance 1, petrification resistance
a: no special abilities


You were on level 4 of the Dungeon.
You visited 1 branch of the dungeon, and saw 4 of its levels.

You collected 217 gold pieces.


Innate Abilities, Weirdness & Mutations

You are immune to sickness and miasma.
Your stone body is resilient. (AC +4)
You are immune to poison.
You resist negative energy. (rN+)
You are resistant to electric shocks. (rElec)
You are resistant to unholy torment.
You are immune to petrification.


   Skills:
 - Level 4.3 Fighting
 + Level 6.0 Ranged Weapons
 - Level 1.7 Armour
 - Level 1.5 Dodging
 - Level 1.1 Stealth


You had 5 spell levels left.
You didn't know any spells.
Your spell library was empty.

Inventory:

Hand Weapons
 Y - a +2 shortbow (weapon)
Armour
 b - the +0 pair of boots "Cyurghyu" (worn) {Int+4 Stlth+}
   (You acquired it on level 2 of the Dungeon)

   Int+4:     It affects your intelligence (+4).
   Stlth+:    It makes you more stealthy.
 e - a +0 ring mail (worn)
Jewellery
 a - a ring of see invisible (left hand)
 d - a +6 ring of dexterity (right hand)
Scrolls
 f - a scroll of enchant armour {unknown}
Potions
 c - a potion of might {unknown}
 g - a potion of mutation {unknown}
 h - a potion of heal wounds {unknown}
 i - a potion of magic {unknown}
 j - a potion of lignification {unknown}
 k - 4 potions of curing
 l - 2 potions of haste
 m - a potion of cancellation {unknown}
 n - 2 potions of resistance {unknown}
 o - a potion of ambrosia {unknown}

Dungeon Overview and Level Annotations

Branches:
Dungeon (4/15)
 Temple: D:4-7

Altars:

Annotations:
D:4 Dowan, Duvessa, Edmund


Message History

You shoot an arrow.
The arrow hits Duvessa but does no damage.
Duvessa is lightly wounded.
Duvessa hits you but does no damage.
Dowan casts a spell.
Dowan blinks!
You shoot an arrow.
The arrow hits Duvessa but does no damage.
Duvessa is lightly wounded.
Duvessa barely misses you. Duvessa hits you with a +0 rapier.
You shoot an arrow. The arrow hits Duvessa.
Duvessa is lightly wounded.
Duvessa hits you but does no damage.
You shoot an arrow. The arrow hits Duvessa!
Duvessa is heavily wounded.
Duvessa closely misses you. Dowan gestures at you while chanting.
The puff of frost hits you but does no damage.
You shoot an arrow. The arrow closely misses Duvessa.
Duvessa hits you with a +0 rapier.
You shoot an arrow. The arrow barely misses Duvessa.
Duvessa hits you with a +0 rapier.
You shoot an arrow.
The arrow hits Duvessa but does no damage.
Duvessa is heavily wounded.
Duvessa closely misses you.
Dowan hits you with a +4 dagger of speed!
Dowan points at you and mumbles some strange words.
The puff of frost hits you! Duvessa hits you with a +0 rapier.
You shoot an arrow. The arrow hits Duvessa.
Duvessa is heavily wounded.
Dowan completely misses you.
Duvessa says, "Practise, practise, practise!
One day you'll be as good as me." Duvessa closely misses you.
You shoot an arrow.
The arrow hits Duvessa but does no damage.
Duvessa is heavily wounded.
Dowan hits you with a +4 dagger of speed.
Duvessa hits you with a +0 rapier!
You die...

##..... ## ##.....
...###..... ####
.........e ####..##
.......e. ###......#
........####.....#..#
...........###.###.##
.....
......##e..##.....>.#
....
......e@....#.......#
..=#
.......#....#.##..###
...#
.....##.......##....##
..# . ....
##..###.##.....#
..#... ...
.##..##.....#..##
.....# ..
.....#....#.##..#..
....# .
..........#..#.##..
###..#
?.##................
.#
......../...........


You could see Duvessa and Dowan.

Vanquished Creatures
  Blork the orc (D:4)
  A sleepcap (D:4)
  Natasha (D:3)
  6 adders
  3 gnolls (D:4)
  5 bats
  4 endoplasms
  5 giant cockroaches
  7 goblins
  7 hobgoblins
  8 kobolds
  6 quokkas
  2 ball pythons
  2 frilled lizards
  5 rats
63 creatures vanquished.

Notes
Turn   | Place    | Note
-------+----------+-------------------------------------------
     0 | D:1      | qw the Gargoyle Hunter began the quest for the Orb.
     0 | D:1      | Reached XP level 1. HP: 12/12 MP: 1/1
     0 | D:1      | 0 ||| qw: Version: 0.3-a-83-gcd0e7d8
     0 | D:1      | 0 ||| qw: Game counter: 1381
     0 | D:1      | 0 ||| qw: Melee chars always use a shield: true
     0 | D:1      | 0 ||| qw: God list: Okawaru
     0 | D:1      | 0 ||| qw: Allow faded altars: false
     0 | D:1      | 0 ||| qw: Do Orc after clearing Dungeon:15 true
     0 | D:1      | 0 ||| qw: Do second Lair branch before Depths: true
     0 | D:1      | 0 ||| qw: Lair rune preference: random
     0 | D:1      | 0 ||| qw: Goals: Normal
     0 | D:1      | 0 ||| PLANNING D:1-11
    95 | D:1      | Reached XP level 2. HP: 17/17 MP: 2/2
   403 | D:1      | Reached XP level 3. HP: 21/21 MP: 3/3
   480 | D:1      | Reached skill level 5 in Ranged Weapons
   659 | D:1      | 659 ||| DROPPING ring of flight.
   660 | D:1      | 660 ||| READING scroll labelled JIM MIMOLATANN.
   663 | D:1      | 663 ||| READING scroll labelled EZURHONLEMM.
   664 | D:1      | 664 ||| READING scroll labelled TAONLE YTYWOQEPT.
   665 | D:1      | 665 ||| READING scroll labelled GUUMA IROKO.
   666 | D:1      | 666 ||| DRINKING 2 amethyst potions.
   667 | D:1      | 667 ||| DROPPING scroll of butterflies.
   711 | D:2      | Reached skill level 3 in Fighting
   741 | D:2      | Reached XP level 4. HP: 28/28 MP: 4/4
  1273 | D:2      | 1273 ||| Stepping ~*~*~tactically~*~*~ (water).
  1585 | D:2      | 1585 ||| UPGRADING to +0 ring mail.
  1595 | D:2      | 1595 ||| DROPPING +0 leather armour.
  1596 | D:2      | 1596 ||| UPGRADING to ring of see invisible.
  1597 | D:2      | 1597 ||| READING scroll labelled FEITAEFALE.
  1616 | D:2      | 1616 ||| READING scroll labelled ENEMAPS AZ VOQ.
  1616 | D:2      | Identified a scroll of acquirement
  1616 | D:2      | 1616 ||| ACQUIRING +0 pair of boots "Cyurghyu" {Int+4
                  | Stlth+}
  1616 | D:2      | Acquired the +0 pair of boots "Cyurghyu" {Int+4 Stlth+}
  1618 | D:2      | 1618 ||| UPGRADING to +0 pair of boots "Cyurghyu" {Int+4
                  | Stlth+}.
  1623 | D:2      | 1623 ||| DRINKING 2 murky amethyst potions.
  1730 | D:3      | 1730 ||| READING scroll of enchant weapon.
  1730 | D:3      | 1730 ||| ENCHANTING +1 shortbow.
  1959 | D:3      | Found a faded altar of an unknown god.
  2055 | D:3      | Noticed Natasha
  2069 | D:3      | Killed Natasha
  2070 | D:3      | Reached skill level 1 in Armour
  2070 | D:3      | Reached XP level 5. HP: 15/32 MP: 5/5
  2503 | D:3      | 2503 ||| UPGRADING to +6 ring of dexterity.
  2548 | D:4      | Noticed Edmund
  2561 | D:4      | HP: 7/32 [Edmund/+4 dire flail of holy wrath (4)]
  2562 | D:4      | 2562 ||| READING scroll of teleportation.
  2755 | D:4      | Reached skill level 6 in Ranged Weapons
  2759 | D:4      | Noticed Blork the orc
  2772 | D:4      | Killed Blork the orc
  2773 | D:4      | Reached XP level 6. HP: 14/38 MP: 6/6
  2932 | D:4      | Noticed Duvessa
  2932 | D:4      | Noticed Dowan
  2933 | D:4      | 2933 ||| RETREEAATING.
  2935 | D:4      | 2935 ||| RETREEAATING.
  2937 | D:4      | 2937 ||| RETREEAATING.
  2939 | D:4      | 2939 ||| RETREEAATING.
  2941 | D:4      | 2941 ||| STILL RETREEAATING.
  2951 | D:4      | HP: 6/38 [Duvessa/+0 rapier (5)]
  2953 | D:4      | Slain by Duvessa

Levels and vault maps discovered:
D:1:      scummos_arrival_hexagon, layout_loops_ring
D:2:      layout_basic, chequers_serial_rivers_micro_b,
          minmay_stone_trees_medium
D:3:      minmay_evil_eye, layout_loops_corners, ebering_ecumenical_altar_webs,
          uniq_natasha
D:4:      layout_cave_pools, mainiacjoe_overflow_brackets, dk_noncrumbling_3,
          nicolae_figureground_pulse, uniq_edmund, uniq_duvessa,
          uniq_blork_the_orc

Skill      XL: |  1  2  3  4  5 |
---------------+----------------+-----
Ranged Weapons | 5 6 |  6.0
Fighting       | 3 4 |  4.3
Armour         | 1 |  1.7
Dodging        | |  1.5
Stealth        | |  1.1

Action                     |  1- 3 |  4- 6 || total
---------------------------+-------+-------++-------
   Fire: Shortbow          |    88 |   129 ||   217
    Use: Scroll            |     4 |     4 ||     8
         Potion            |     1 |     1 ||     2
 Armour: Leather armour    |    17 |     3 ||    20
         Ring mail         |       |    65 ||    65
  Dodge: Dodged            |    17 |    52 ||    69

Table legend:
 A = Non-vault XP
 B = Vault XP
 C = Vault XP percentage of total XP
 D = Non-vault monster count
 E = Vault monster count
 F = Vault count percentage of total count
                 A         B        C        D         E       F
            +---------+---------+-------+---------+---------+-------
      Total |     246 |     131 |  34.7 |      59 |       4 |   6.3
            +---------+---------+-------+---------+---------+-------
        D:1 |      40 |       0 |   0.0 |      23 |       0 |   0.0
        D:2 |      85 |       0 |   0.0 |      23 |       0 |   0.0
        D:3 |       9 |      37 |  80.4 |       5 |       3 |  37.5
        D:4 |     112 |      94 |  45.6 |       8 |       1 |  11.1
            +---------+---------+-------+---------+---------+-------
